 Dungeon Crawl Stone Soup version 0.26.1-2-gb8aa6d0cf2 (webtiles) character file.

Game seed: 2095873534971263737

653222 MaxHavoc the Conqueror (level 27, -9/409 HPs)
             Began as a Minotaur Berserker on Feb 9, 2021.
             Was a High Priest of Trog.
             Killed by a royal mummy's death curse (27 damage)
             ... on level 2 of the Tomb of the Ancients on Feb 10, 2021.
             The game lasted 11:13:23 (95804 turns).

MaxHavoc the Conqueror (Minotaur Berserker)        Turns: 95804, Time: 11:13:24

Health: -9/409     AC: 32    Str: 33      XL:     27
Magic:  22/22      EV: 22    Int:  7      God:    Trog [*****.]
Gold:   2772       SH: 37    Dex: 10 (12) Spells: 26/26 levels left

rFire    + + +     SeeInvis +   a - +8 demon whip of the Lame Duck {flame, rElec Int+3}
rCold    . . .     Faith    +   e - +18 shield of the Gong {rElec rN+ Will+ EV-5}
rNeg     + + +     Spirit   .   Z - +8 fire dragon scales
rPois    +         Reflect  .   P - -2 hat of the Alchemist {rElec rPois rF+ rC+ rN+ Will+ rMut rCorr}
rElec    +         Harm     .   K - +1 cloak of Starlight {*Dazzle EV+4 Stlth--}
rCorr    +         Rampage  .   y - +2 pair of gloves {archery}
rMut     +                      h - +2 pair of boots {run}
Will     +++++                  E - amulet of faith
Stlth    ..........             M - ring of positive energy
HPRegen  1.78/turn              G - ring of see invisible
MPRegen  0.18/turn

@: berserking, regenerating, very quick
A: retaliatory headbutt, horns 2, screaming 1
}: 4/15 runes: decaying, slimy, silver, gossamer
a: Renounce Religion, Berserk, Trog's Hand, Brothers in Arms


You were on level 2 of the Tomb of the Ancients.
You worshipped Trog.
Trog was extremely pleased with you.
You visited 12 branches of the dungeon, and saw 55 of its levels.

You collected 10481 gold pieces.
You spent 7709 gold pieces at shops.

Inventory:

Hand Weapons
 a - the +8 demon whip of the Lame Duck (weapon) {flame, rElec Int+3}
   (Trog gifted it to you on level 2 of the Orcish Mines)

   It has been specially enchanted to burn those struck by it, causing extra
   injury to most foes and up to half again as much damage against particularly
   susceptible opponents.
   It affects your intelligence (+3).
   It insulates you from electricity.
 b - a +9 hand crossbow of chaos
Missiles
 d - a stone
 j - 7 boomerangs of dispersal
 t - 1563 bolts
Armour
 e - the +18 shield of the Gong (worn) {rElec rN+ Will+ EV-5}
   (You bought it in a shop on level 4 of the Depths)

   It affects your evasion (-5).
   It insulates you from electricity.
   It protects you from negative energy.
   It affects your willpower, your defense against some magical effects.
 h - a +2 pair of boots of running (worn)
 y - a +2 pair of gloves of archery (worn)
 K - the +1 cloak of Starlight (worn) {*Dazzle EV+4 Stlth--}
   (You found it on level 5 of the Vaults)

   It affects your evasion (+4).
   It makes you much less stealthy.
 P - the -2 hat of the Alchemist (worn) {rElec rPois rF+ rC+ rN+ Will+ rMut rCorr}
   (You found it on level 3 of the Spider Nest)

   It protects you from fire.
   It protects you from cold.
   It insulates you from electricity.
   It protects you from poison.
   It protects you from negative energy.
   It affects your willpower, your defense against some magical effects.
   It provides partial protection from all sources of acid and corrosion.
   It protects you from mutation.
 R - +0 gold dragon scales
 U - the +0 hat "Kistoethea" {+Inv rC- Regen+}
   (You found it on level 13 of the Dungeon)

   It makes you vulnerable to cold.
   It lets you turn invisible.
   It increases your rate of regeneration.
 Z - +8 fire dragon scales (worn)
Jewellery
 f - an uncursed ring of protection from cold
 s - an uncursed ring of fire
 B - the ring "Ohovuhe" {Will+ rCorr}
   (You found it on level 5 of the Depths)

   [ring of resist corrosion]

   It affects your willpower, your defense against some magical effects.
   It provides partial protection from all sources of acid and corrosion.
 E - an amulet of faith (around neck)
 G - a ring of see invisible (right hand)
 M - a ring of positive energy (left hand)
 S - an uncursed ring of magical power
 X - the ring "Uduywula" {rC+ AC+4 Str-3 Int+3 Dex+4}
   (You acquired it on level 3 of the Depths)

   [ring of protection]

   It affects your AC (+4).
   It affects your strength (-3).
   It affects your intelligence (+3).
   It affects your dexterity (+4).
   It protects you from cold.
Wands
 p - a wand of iceblast (44)
 x - a wand of acid (11)
 z - a wand of paralysis (76)
 F - a wand of flame (3) (quivered)
 O - a wand of polymorph (29)
 W - a wand of digging (22)
 Y - a wand of enslavement (17)
Scrolls
 c - 35 scrolls of identify
 l - 5 scrolls of enchant weapon
 m - 33 scrolls of remove curse
 n - 12 scrolls of teleportation
 v - 7 scrolls of immolation
 w - 3 scrolls of blinking
 A - 6 scrolls of magic mapping
 D - a scroll of silence
 J - a scroll of summoning
 L - a scroll of fog
 Q - 3 scrolls of fear
Potions
 g - 3 potions of haste
 i - 2 potions of heal wounds
 k - 3 potions of invisibility
 q - 8 potions of might
 r - 11 potions of mutation
 C - 2 potions of resistance
 H - 13 potions of ambrosia
 I - 7 potions of flight
 T - 10 potions of curing
 V - 3 potions of cancellation
Miscellaneous
 o - a phantom mirror
 N - a lightning rod (4/4)


   Skills:
 O Level 27 Fighting
 - Level 14.0 Maces & Flails
 - Level 8.9 Slings
 - Level 10.0 Crossbows
 + Level 20.4 Armour
 O Level 27 Dodging
 - Level 25.0 Shields
 + Level 15.0 Evocations


You had 26 spell levels left.
You didn't know any spells.
Your spell library was empty.

Dungeon Overview and Level Annotations

Branches:
Dungeon (15/15)            Temple (0/1) D:6            Lair (6/6) D:10
  Swamp (4/4) Lair:2       Spider (4/4) Lair:2        Slime (5/5) Lair:6
    Orc (2/2) D:12            Elf (3/3) Orc:2        Vaults (5/5) D:13
  Crypt (3/3) Vaults:3       Tomb (2/3) Crypt:3      Depths (5/5) D:15
   Hell (visited)             Zot (0/5) Depths:5
    Dis: Hell:1         Geh: Hell:1         Coc: Hell:1         Tar: Hell:1

Altars:
Cheibriados
Dithmenos
Fedhas
Makhleb
Nemelex Xobeh
Okawaru
Ru
Trog
Yredelemnul
The Shining One
Beogh

Shops:
D:6 *   D:8 **   D:10 [   D:11 ([   D:14 *   Orc:2 :*[(   Elf:1 }}=
Vaults:2 (   Vaults:5 *   Depths:3 (*=[   Depths:4 (}[}

Portals:
Hell: Depths:1 Depths:2 Depths:3 Depths:4 Depths:5
Abyss: Depths:4 Depths:5
Pandemonium: Depths:2 Depths:3 Depths:4
Ziggurat: Depths:1
Trove: Vaults:4 (give 17 scrolls of teleportation)

Annotations:
D:4 *
Depths:2 3 runed translucent doors, Qescho Poith's ghost, journeyman MiFi
Hell Geryon


Innate Abilities, Weirdness & Mutations

You reflexively headbutt those who attack you in melee.
You have a pair of horns on your head.
You occasionally shout uncontrollably at your foes.


Message History

SHROANNG!
You block the bennu's attack.
BOUMMMMG!
You block the bennu's attack.
GONNNNG!
The bennu claws you but does no damage. The bennu completely misses you.
You block the bennu's attack.
PANG!
The bennu claws you but does no damage. The bennu closely misses you.
You completely miss the royal mummy. You headbutt the royal mummy.
The royal mummy is almost destroyed.
You block the royal mummy's attack.
GONNNNG!
You thrash the royal mummy!! You burn the royal mummy!
You destroy the royal mummy!
Trog accepts your kill.
Trog appreciates your killing of a magic user.
You feel extremely nervous for a moment...
Pain shoots through your body!!
You die...

########################
#.....b#.)....^.#......#
#(...(.@b.......#......#
#.(...b#........'......#
#(..L(.#.(....^.#^.....#
###M##############.....#
(M ####### .. . ......
....... .


You could see a lich (invisible), 3 bennus, a guardian mummy and a mummy.

Vanquished Creatures
  the Royal Jelly (Slime:5)
  3 ancient liches
  2 juggernauts (Depths:4)
  Sojobo (Depths:3)
  A royal mummy (Tomb:2)
  Bai Suzhen (Crypt:1)
  Frederick (Vaults:2)
  Saint Roka (Depths:2)
  Margery (Depths:3)
  4 caustic shrikes
  4 golden dragons
  Nikola (Vaults:2)
  The ghost of crisisinutopia the Impregnable, an adept MiFi of Okawaru (Vaults:2)
  The ghost of Marixus the Executioner, an adept HOFi of Beogh (Vaults:2)
  Jory (Vaults:3)
  2 bone dragons
  An iron giant (Depths:4)
  5 liches
  8 titans
  Asterion (Spider:2)
  4 quicksilver dragons
  43 acid blobs
  3 deep elf blademasters
  Frances (Elf:1)
  The ghost of Valentain the Gelid, an adept MfVM of Dithmenos (Elf:2)
  7 ancient champions
  10 sphinxes
  A thorn hunter (Swamp:4)
  Kirke (Elf:1)
  4 shadow dragons
  The ghost of Maxmaps the Warrior, an adept FoSk of Cheibriados (D:13)
  9 tengu reavers
  7 storm dragons
  2 revenants
  22 azure jellies
  Donald (Vaults:1)
  Roxanne (Swamp:3)
  The ghost of Flure the Peltast, an adept FoFi of Kikubaaqudgha (Spider:1)
  7 fire giants
  11 deep elf sorcerers
  8 frost giants
  14 vault wardens
  The ghost of lasso the Thaumaturge, a journeyman GnCj of Vehumet (D:13)
  An iron dragon (Depths:4)
  4 ghost moths
  2 draconian shifters (Depths:5)
  4 emperor scorpions
  A caustic shrike zombie (Crypt:1)
  A balrug (Depths:5)
  A curse skull (Vaults:3)
  13 ironheart preservers
  A ghoul (Vaults:4)
  2 orc warlords
  7 deep elf elementalists
  A green draconian (Depths:5)
  A spriggan defender (Depths:3)
  4 war gargoyles (Crypt:3)
  21 very ugly things
  Nessos (D:11)
  33 stone giants
  The ghost of Dittersdorf the Fighter, a journeyman MiBe of Trog (D:13)
  5 bennus (Tomb:2)
  A reaper (Crypt:2)
  A black draconian (Depths:5)
  5 deep elf demonologists
  8 deep elf annihilators
  Azrael (Spider:3)
  8 vampire knights
  4 entropy weavers
  3 dire elephants
  15 spark wasps
  2 red draconians (Depths:5)
  A purple draconian (Depths:5)
  A yellow draconian (Depths:5)
  5 bunyips
  4 eleionomae
  The ghost of Vext the Imperceptible, a journeyman SpEn of Gozag (D:13)
  20 death oozes
  13 ettins
  The ghost of Muazock the Severer, a journeyman HOMo of Beogh (D:13)
  3 crystal guardians (Crypt:3)
  2 merfolk javelineers
  2 eidola (Crypt:1)
  The ghost of H0rd4k the Carver, a journeyman HuAr of Gozag (Lair:3)
  A blizzard demon (Depths:2)
  14 ogre magi
  13 mummy priests
  6 deep elf death magi
  6 deep elf high priests
  A shambling mangrove (Swamp:3)
  13 fire dragons
  9 great orbs of eyes
  A merfolk impaler (Elf:2)
  A quicksilver dragon skeleton (Crypt:3)
  4 jiangshi (Crypt:1)
  6 boulder beetles
  11 ice dragons
  2 naga warriors (Elf:2)
  23 yaktaur captains
  A rakshasa (Depths:4)
  A monstrous demonspawn (Depths:4)
  5 spriggan air magi
  The ghost of Stixsmaster the Impaler, a journeyman MfGl of Hepliaklqana (D:12)
  18 hydras
  27 vault guards
  A catoblepas (Lair:6)
  18 centaur warriors
  4 death knights
  2 ghost crabs
  46 two-headed ogres
  A hell hog (Depths:2)
  6 deep troll shamans
  A queen ant (Lair:6)
  5 tengu warriors
  11 death yaks
  38 death scarabs
  9 alligators
  4 vampire magi
  11 deep troll earth magi
  36 dancing weapons
  2 titan zombies
  2 spriggan berserkers (Depths:5)
  2 soul eaters (Depths:2)
  4 orc high priests
  10 hell knights
  17 deep elf knights
  5 sun demons
  Sonja (Lair:1)
  3 fire crabs (shapeshifter)
  3 fire crabs (Swamp:4)
  A spark wasp zombie (Crypt:2)
  A titan skeleton (Crypt:3)
  3 large abominations
  3 small abominations
  8 shadow wraiths
  3 sixfirhies (Depths:2)
  2 iron trolls
  An anaconda zombie (Tomb:1)
  2 cherubim (D:14)
  2 spriggan druids
  A storm dragon skeleton (Vaults:3)
  4 goliath frogs
  An unseen horror (shapeshifter) (Depths:5)
  49 skeletal warriors
  25 deep trolls
  12 swamp dragons
  2 unseen horrors
  A sea snake (Vaults:3)
  A harpy (shapeshifter) (D:15)
  2 bog bodies (Lair:2)
  5 wizards
  5 glowing orange brains
  An orange crystal statue (Depths:4)
  A shadow dragon zombie (D:15)
  A torturous demonspawn (Depths:4)
  15 deep elf archers
  An infernal demonspawn (Depths:4)
  13 necromancers
  5 phantasmal warriors
  6 spectral wolf spiders
  6 harpies
  3 flayed ghosts
  3 orc sorcerers (Orc:2)
  Pikel (D:6)
  45 ugly things
  18 ironbrand convokers
  4 shining eyes
  12 orc knights
  2 tengu skeletons (Vaults:3)
  63 deep elf magi
  2 wolf spider zombies
  17 orb spiders
  3 manticores
  An eleionoma zombie (Crypt:2)
  A mana viper (shapeshifter) (Vaults:5)
  8 cyclopes
  5 will-o-the-wisps
  26 wolf spiders
  3 stone giant zombies
  A frost giant skeleton (Depths:2)
  2 fire giant zombies (Crypt:1)
  A salamander (Depths:5)
  A spectral centaur (D:12)
  A moth of wrath (Spider:4)
  A fire giant skeleton (Crypt:3)
  2 sphinx skeletons (Vaults:3)
  2 rust devils
  2 moths of wrath (shapeshifter) (Vaults:5)
  27 elephants
  3 stone giant skeletons (Vaults:3)
  2 eyes of devastation
  5 human skeletons
  9 vault sentinels
  2 centaur skeletons (D:14)
  2 black mambas (shapeshifter)
  7 black mambas
  A gargoyle (D:11)
  A torpor snail (Spider:2)
  An orange demon (Depths:2)
  A cane toad (shapeshifter) (Vaults:2)
  16 cane toads
  A storm dragon simulacrum (Depths:1)
  4 spectral redbacks (Spider:4)
  A dire elephant skeleton (Crypt:1)
  54 yaktaurs
  An emperor scorpion zombie (Tomb:1)
  3 redback zombies (Spider:4)
  2 hellwings
  8 komodo dragons
  7 rime drakes
  3 tormentors
  A komodo dragon (shapeshifter) (Vaults:2)
  6 freezing wraiths
  18 demonic crawlers
  5 red devils
  2 ice devils (Depths:3)
  A yellow draconian skeleton (Crypt:1)
  10 guardian mummies
  A hydra zombie (Crypt:3)
  3 polar bears
  2 tengu conjurers
  A jumping spider (shapeshifter) (Depths:5)
  33 jumping spiders
  10 trolls
  4 spectral jumping spiders (Spider:4)
  3 meliai (Lair:4)
  A death drake zombie (Crypt:1)
  A hornet (shapeshifter) (Vaults:4)
  A queen bee (Lair:4)
  11 tyrant leeches
  4 bloated husks
  2 spectral tarantellas (Spider:4)
  3 tarantella zombies (Spider:4)
  17 hornets
  A polar bear (shapeshifter) (Elf:1)
  87 slime creatures
  A raiju (shapeshifter) (Vaults:2)
  8 dream sheep
  32 blink frogs
  A harpy skeleton (D:15)
  A fire giant simulacrum (Depths:2)
  2 dream sheep (shapeshifter)
  A stone giant simulacrum (Depths:1)
  2 jumping spider zombies (Spider:4)
  A spriggan zombie (Depths:2)
  40 flying skulls
  Sigmund (D:6)
  9 spriggans
  An alligator zombie (Crypt:3)
  2 fire dragon zombies (Crypt:3)
  A spriggan (shapeshifter) (Depths:5)
  2 ynoxinuls
  4 wyverns
  3 ice dragon skeletons
  2 shadows
  33 tarantellas
  2 ettin skeletons (Vaults:3)
  2 air elementals
  5 ushabtiu (Tomb:1)
  99 yaks
  64 redbacks
  8 water elementals
  10 basilisks
  3 yaks (shapeshifter)
  2 fire bats (Depths:1)
  7 fire elementals
  21 golden eyes
  A spectral komodo dragon (Lair:3)
  4 steam dragons
  8 wraiths
  A basilisk (shapeshifter) (Vaults:2)
  A hog (shapeshifter) (Depths:4)
  3 hogs (Elf:1)
  A death yak simulacrum (Lair:3)
  7 vampire mosquitoes
  18 swamp worms
  A tengu zombie (D:15)
  5 acid dragons
  7 wargs
  A spectral cane toad (Lair:3)
  A hydra simulacrum (Lair:3)
  A spectral hornet (Spider:4)
  12 water moccasins
  21 soldier ants
  9 hell hounds
  A hornet zombie (Spider:4)
  50 orc warriors
  A blink frog zombie (Crypt:1)
  5 swamp drakes
  5 ice beasts
  A lindwurm zombie (Crypt:2)
  4 eyes of draining
  A boulder beetle simulacrum (Lair:3)
  30 ogres
  6 necrophages
  A phantom (D:6)
  3 sky beasts
  49 wolves
  11 boggarts
  A lindwurm skeleton (Crypt:1)
  An elf skeleton (Vaults:3)
  32 centaurs
  A lemure (D:6)
  An octopode zombie (Crypt:1)
  Blork the orc (D:6)
  A spectral human (Crypt:1)
  16 bullfrogs
  An elf zombie (Crypt:2)
  2 big kobolds
  A glowing shapeshifter simulacrum (Vaults:1)
  3 earth elementals
  A yaktaur skeleton (Crypt:1)
  A cyclops zombie (Crypt:2)
  2 wyvern skeletons
  A scorpion (D:7)
  15 killer bees
  A dream sheep simulacrum (Lair:3)
  A warg skeleton (Crypt:1)
  8 wights
  5 electric eels
  3 howler monkeys
  7 crimson imps
  A human simulacrum (Vaults:1)
  4 centaur zombies
  13 hounds
  A quasit (Depths:3)
  A bullfrog skeleton (D:10)
  4 bullfrog zombies
  5 human zombies
  24 orc priests
  8 jellies
  10 iguanas
  An iron imp (Depths:2)
  28 orc wizards
  19 worker ants
  12 hell rats
  A demigod zombie (Crypt:2)
  36 mummies
  8 gnolls (D:8)
  A howler monkey skeleton (D:5)
  9 adders
  4 shadow imps
  7 white imps
  An ufetubus (Depths:2)
  2 oozes (Lair:6)
  An adder zombie (D:9)
  2 adder skeletons (D:7)
  3 dart slugs
  4 leopard geckos
  107 orcs
  8 bats
  A bat skeleton (Crypt:2)
  6 giant cockroaches
  9 goblins
  8 hobgoblins
  6 jackals
  5 quokkas
  2 ball pythons
  7 frilled lizards
  A frilled lizard zombie (Crypt:1)
  18 kobolds
  An orc skeleton (Crypt:2)
  13 rats
  5 crawling corpses
  A fire vortex (Depths:1)
2769 creatures vanquished.

Vanquished Creatures (collateral kills)
  A harpy simulacrum (D:12)
1 creature vanquished.

Vanquished Creatures (others)
  A vault warden (Vaults:2)
  A hydra (Swamp:4)
  2 spriggan air magi
  An alligator (Swamp:2)
  A death scarab (Spider:4)
  3 deep elf knights
  3 deep trolls (Depths:3)
  A goliath frog (Swamp:2)
  A swamp dragon (Swamp:4)
  Maurice (D:11)
  A black mamba (Lair:6)
  3 yaktaurs
  A jumping spider zombie (Spider:4)
  2 redbacks (Spider:1)
  2 tarantellas
  A human (Elf:1)
  A basilisk (Lair:6)
  3 steam dragons (Swamp:4)
  4 swamp drakes (Swamp:4)
  4 boggarts
  40 foxfires
  103 fungi
  126 plants
306 creatures vanquished.

Grand Total: 3076 creatures vanquished

Notes
Turn   | Place    | Note
-------+----------+-------------------------------------------
     0 | D:1      | MaxHavoc the Minotaur Berserker began the quest for the
                  | Orb.
     0 | D:1      | Reached XP level 1. HP: 19/19 MP: 0/0
   291 | D:1      | Reached XP level 2. HP: 11/27 MP: 1/1
   842 | D:1      | Reached ** piety under Trog
  1027 | D:2      | Found a snail-covered altar of Cheibriados.
  1039 | D:2      | Reached XP level 3. HP: 26/33 MP: 2/2
  1132 | D:2      | Found a glowing golden altar of the Shining One.
  1137 | D:2      | Found a faded altar of an unknown god.
  1158 | D:2      | Found a shadowy altar of Dithmenos.
  1166 | D:2      | Found a sacrificial altar of Ru.
  1166 | D:2      | Found a burning altar of Makhleb.
  1176 | D:2      | Found a bloodstained altar of Trog.
  1333 | D:2      | Reached skill level 1 in Shields
  2015 | D:3      | Reached XP level 4. HP: 41/41 MP: 3/3
  2021 | D:3      | Reached *** piety under Trog
  2759 | D:4      | Reached XP level 5. HP: 47/47 MP: 4/4
  2894 | D:4      | Reached skill level 5 in Fighting
  2894 | D:4      | Reached XP level 6. HP: 44/56 MP: 5/5
  3002 | D:4      | Reached skill level 5 in Maces & Flails
  3164 | D:4      | Found a blossoming altar of Fedhas.
  3965 | D:5      | Entered Level 5 of the Dungeon
  4403 | D:5      | Reached XP level 7. HP: 30/61 MP: 6/6
  4933 | D:5      | Reached skill level 5 in Armour
  5365 | D:5      | Found Jiczat's Magic Scroll Shop.
  5519 | D:6      | Noticed Sigmund
  5536 | D:6      | Killed Sigmund
  5574 | D:6      | Found a staircase to the Ecumenical Temple.
  5600 | D:6      | Reached XP level 8. HP: 65/70 MP: 7/7
  5627 | D:6      | Reached skill level 5 in Dodging
  5647 | D:6      | Found Qeuff's Assorted Antiques.
  5656 | D:6      | Bought a gold wand for 68 gold pieces
  5894 | D:6      | Reached **** piety under Trog
  5895 | D:6      | Reached skill level 1 in Evocations
  6028 | D:6      | Reached skill level 5 in Shields
  6069 | D:6      | Noticed Blork the orc
  6078 | D:6      | Killed Blork the orc
  6226 | D:6      | Noticed Pikel
  6243 | D:6      | Killed Pikel
  6472 | D:7      | Reached XP level 9. HP: 44/79 MP: 8/8
  6723 | D:7      | Identified a scroll of acquirement
  6724 | D:7      | Acquired a +2 demon whip of venom
  7481 | D:8      | Found Onel's Assorted Antiques.
  7493 | D:8      | Bought a scroll labelled VEJIOQY CA SET for 28 gold pieces
  7865 | D:8      | Reached ***** piety under Trog
  8011 | D:8      | Found Batyteaq's General Store.
  8038 | D:8      | Noticed a troll
  8041 | D:8      | Killed a troll
  8631 | D:9      | Reached XP level 10. HP: 81/88 MP: 9/9
  9054 | D:10     | Entered Level 10 of the Dungeon
  9340 | D:10     | Received a gift from Trog
  9353 | D:10     | Reached skill level 5 in Evocations
  9512 | D:10     | Found a staircase to the Lair.
  9558 | D:10     | Paralysed by a hornet for 3 turns
  9625 | D:10     | Reached XP level 11. HP: 73/97 MP: 10/10
  9943 | D:10     | Found Mumnur's Antique Armour Shop.
 10681 | D:11     | Noticed Maurice
 10701 | D:11     | Killed Maurice
 10742 | D:11     | Found Qiploj's Armour Shop.
 10751 | D:11     | Bought the cursed +0 robe of Hedging {+Blink rCorr} for 224
                  | gold pieces
 10797 | D:11     | Identified Rysaom's Tome of Execration
 10923 | D:11     | Found Uschybesk's Antique Weapon Shoppe.
 11094 | D:11     | Reached skill level 1 in Slings
 11304 | D:11     | Reached skill level 10 in Maces & Flails
 11507 | Lair:1   | Entered Level 1 of the Lair of Beasts
 11508 | Lair:1   | Noticed Sonja
 11789 | Lair:1   | Killed Sonja
 11790 | Lair:1   | Reached skill level 10 in Fighting
 11853 | Lair:1   | Received a gift from Trog
 12160 | Lair:1   | Got a heavily runed plate armour
 12171 | Lair:1   | Identified the +4 plate armour of Mysticism {+Fly Int+4}
                  | (You found it on level 1 of the Lair of Beasts)
 12187 | Lair:1   | Reached skill level 10 in Armour
 12207 | Lair:1   | Noticed a four-headed hydra
 12220 | Lair:1   | Killed a four-headed hydra
 12635 | Lair:1   | Reached XP level 12. HP: 107/107 MP: 11/11
 12638 | Lair:1   | Noticed a seven-headed hydra
 12650 | Lair:1   | Killed a seven-headed hydra
 12742 | Lair:1   | Noticed a six-headed hydra
 12757 | Lair:1   | Killed a six-headed hydra
 12758 | Lair:1   | Reached skill level 10 in Shields
 14463 | Lair:1   | Reached skill level 5 in Slings
 14463 | Lair:1   | Reached skill level 10 in Dodging
 14557 | Lair:2   | Found a hole to the Spider Nest.
 14663 | Lair:2   | Received a gift from Trog
 14970 | Lair:2   | Reached XP level 13. HP: 115/116 MP: 12/12
 15406 | Lair:2   | Found a staircase to the Swamp.
 16254 | Lair:3   | Found a runed translucent gate.
 16254 | Lair:3   | Found a runed translucent gate.
 16254 | Lair:3   | Found a runed translucent gate.
 16520 | Lair:3   | Reached ****** piety under Trog
 16601 | Lair:3   | Noticed H0rd4k's ghost (journeyman HuAr)
 17296 | Lair:3   | Killed H0rd4k's ghost
 18898 | Lair:4   | Reached XP level 14. HP: 70/127 MP: 13/13
 19969 | Lair:5   | Received a gift from Trog
 21441 | D:8      | Bought a scroll of brand weapon for 300 gold pieces
 21474 | D:8      | Bought a scroll of enchant weapon for 210 gold pieces
 21594 | Lair:6   | Entered Level 6 of the Lair of Beasts
 21623 | Lair:5   | Reached skill level 1 in Crossbows
 21676 | Lair:6   | Found a staircase to the Slime Pits.
 21946 | Lair:6   | Received a gift from Trog
 24189 | Lair:6   | Reached skill level 5 in Crossbows
 24212 | Lair:6   | Reached XP level 15. HP: 120/137 MP: 14/14
 24678 | Lair:6   | Found the +3 giant club "Skullcrusher" {speed, Str+7}
 24834 | Lair:6   | Received a gift from Trog
 25549 | D:12     | Found a transporter.
 25549 | D:12     | Noticed Stixsmaster's ghost (journeyman MfGl)
 25555 | D:12     | Found a staircase to the Orcish Mines.
 25575 | D:12     | Noticed Nessos
 26112 | D:11     | Killed Nessos
 26258 | D:12     | Found a transporter.
 26861 | Orc:1    | Entered Level 1 of the Orcish Mines
 27389 | Orc:2    | Entered Level 2 of the Orcish Mines
 27389 | Orc:2    | Found a bloodstained altar of Trog.
 27401 | Orc:2    | Received a gift from Trog
 27582 | Orc:2    | Found a staircase to the Elven Halls.
 27600 | Orc:2    | Found a roughly hewn altar of Beogh.
 28185 | Orc:2    | Received a gift from Trog
 28319 | Orc:2    | Noticed an orc warlord
 28335 | Orc:2    | Killed an orc warlord
 28587 | Orc:2    | Found Rapsic's General Store.
 28588 | Orc:2    | Found Osouddoi's Book Boutique.
 28590 | Orc:2    | Found Exoypes's Antique Armour Shop.
 28590 | Orc:2    | Found Orourog's Antique Weapon Shop.
 28727 | Orc:2    | Got an ichor-stained demon whip {god gift}
 28728 | Orc:2    | Identified the +8 demon whip of the Lame Duck {flame, rElec
                  | Int+3} (Trog gifted it to you on level 2 of the Orcish
                  | Mines)
 29184 | Spider:1 | Entered Level 1 of the Spider Nest
 29799 | Spider:1 | Found a transporter.
 29800 | Spider:1 | Found a transporter.
 29800 | Spider:1 | Noticed Flure's ghost (adept FoFi)
 29829 | Spider:1 | Received a gift from Trog
 29926 | Spider:1 | Reached XP level 16. HP: 144/147 MP: 15/15
 30272 | Spider:1 | Reached skill level 10 in Crossbows
 30316 | Spider:1 | Killed Flure's ghost
 30317 | Spider:1 | Reached skill level 15 in Fighting
 30335 | Spider:1 | Identified the Volume of Distant Shores
 30570 | Spider:1 | Got a slimy mace {god gift}
 30571 | Spider:1 | Identified the +5 mace of Yesterday {flame, Will+ Dex+3}
                  | (Trog gifted it to you on level 1 of the Spider Nest)
 30937 | Spider:2 | Noticed Asterion
 30938 | Spider:2 | Received a gift from Trog
 30958 | Spider:2 | Killed Asterion
 32138 | Spider:2 | Got a crude battleaxe
 32145 | Spider:2 | Reached skill level 15 in Shields
 32949 | Spider:3 | Noticed Azrael
 32974 | Spider:3 | Killed Azrael
 33285 | Spider:3 | Found the -2 hat of the Alchemist {rElec rPois rF+ rC+ rN+
                  | Will+ rMut rCorr}
 34414 | Spider:4 | Entered Level 4 of the Spider Nest
 35935 | Spider:4 | Received a gift from Trog
 36797 | Spider:4 | Reached XP level 17. HP: 40/158 MP: 16/16
 37952 | Spider:4 | Received a gift from Trog
 38341 | Spider:4 | Got a gossamer rune of Zot
 38775 | Swamp:1  | Entered Level 1 of the Swamp
 38899 | Swamp:1  | Reached skill level 15 in Dodging
 40225 | Swamp:2  | Received a gift from Trog
 40599 | Swamp:2  | Got a bloodstained scimitar {god gift}
 40600 | Swamp:2  | Identified the +5 scimitar of Day {vorpal, +Rage} (Trog
                  | gifted it to you on level 2 of the Swamp)
 40620 | Swamp:3  | Identified Roxanne's Incunabulum of Shape Shifting
 40620 | Swamp:3  | Noticed Roxanne
 40636 | Swamp:3  | Killed Roxanne
 40637 | Swamp:3  | Reached skill level 10 in Evocations
 41472 | Swamp:4  | Entered Level 4 of the Swamp
 41963 | Swamp:4  | Reached XP level 18. HP: 151/168 MP: 17/17
 42767 | Swamp:4  | Got a decaying rune of Zot
 42807 | Swamp:4  | Received a gift from Trog
 43401 | D:12     | Killed Stixsmaster's ghost
 43813 | D:13     | Found a gate to the Vaults.
 44062 | D:13     | You fall into a shaft and drop 2 floors!
 44062 | D:15     | Entered Level 15 of the Dungeon
 44277 | D:15     | Found a staircase to the Depths.
 44298 | D:15     | Reached skill level 15 in Armour
 44784 | Depths:1 | Entered Level 1 of the Depths
 44794 | Depths:1 | Received a gift from Trog
 45413 | Depths:1 | Found a gateway to a ziggurat.
 45632 | Depths:1 | Found a gateway to Hell.
 46445 | D:14     | Received a gift from Trog
 46754 | D:14     | Reached XP level 19. HP: 179/179 MP: 18/18
 46901 | D:14     | Found Qih Reum's General Store.
 46919 | D:14     | Bought a scroll of teleportation for 45 gold pieces
 46919 | D:14     | Bought a scroll of fog for 30 gold pieces
 46919 | D:14     | Bought a scroll of enchant weapon for 112 gold pieces
 46919 | D:14     | Bought a potion of cancellation for 120 gold pieces
 47353 | D:14     | Found a roughly hewn altar of Beogh.
 47422 | D:14     | Found a sparkling altar of Nemelex Xobeh.
 47676 | D:13     | Noticed lasso's ghost (journeyman GnCj)
 47677 | D:13     | Found a runed translucent gate.
 47678 | D:13     | Found a runed translucent gate.
 47678 | D:13     | Found a runed translucent gate.
 47678 | D:13     | Noticed Dittersdorf's ghost (journeyman MiBe)
 47678 | D:13     | Noticed Vext's ghost (journeyman SpEn)
 47678 | D:13     | Noticed Muazock's ghost (journeyman HOMo)
 47678 | D:13     | Noticed Maxmaps's ghost (adept FoSk)
 47712 | D:13     | Killed Vext's ghost
 47736 | D:13     | Killed Maxmaps's ghost
 47743 | D:13     | Killed lasso's ghost
 47761 | D:13     | Killed Dittersdorf's ghost
 47766 | D:13     | Killed Muazock's ghost
 48121 | D:13     | Got a glimmering hat
 48122 | D:13     | Identified the +0 hat "Kistoethea" {+Inv rC- Regen+} (You
                  | found it on level 13 of the Dungeon)
 48528 | Elf:1    | Entered Level 1 of the Elven Halls
 48537 | Elf:1    | Received a gift from Trog
 48761 | Elf:1    | Identified the Collected Works on Combat Magic
 49432 | Elf:1    | Noticed Kirke
 49442 | Elf:1    | Killed Kirke
 49450 | Elf:1    | Noticed Frances
 49460 | Elf:1    | Killed Frances
 49590 | Elf:1    | Found Higaos's Gadget Emporium.
 49601 | Elf:1    | Found Baol's Jewellery Boutique.
 49602 | Elf:1    | Found Deer's Gadget Emporium.
 49620 | Elf:1    | Bought a wand of enslavement (8) for 160 gold pieces
 49620 | Elf:1    | Bought a wand of iceblast (12) for 256 gold pieces
 49620 | Elf:1    | Bought a wand of iceblast (10) for 224 gold pieces
 49624 | Elf:1    | Bought an uncursed ring of willpower for 450 gold pieces
 49631 | Elf:1    | Bought a lightning rod (4/4) for 300 gold pieces
 50274 | Elf:2    | Received a gift from Trog
 50579 | Elf:2    | Found a runed translucent gate.
 50579 | Elf:2    | Found a runed translucent gate.
 50580 | Elf:2    | Found a runed translucent gate.
 50928 | Elf:2    | Found a runed translucent gate.
 50928 | Elf:2    | Found a runed translucent gate.
 50928 | Elf:2    | Found an iron altar of Okawaru.
 50928 | Elf:2    | Found a runed translucent gate.
 50928 | Elf:2    | Noticed Valentain's ghost (adept MfVM)
 50966 | Elf:2    | Killed Valentain's ghost
 51496 | Elf:2    | Reached XP level 20. HP: 175/191 MP: 19/19
 51907 | Elf:2    | Received a gift from Trog
 52353 | Elf:3    | Entered Level 3 of the Elven Halls
 53274 | Elf:3    | Received a gift from Trog
 54155 | Elf:3    | Acquired a manual of Fighting
 54270 | Elf:3    | Identified the +5 chain mail "Adunkurozu" {*Contam rF+
                  | Will++}
 54282 | Elf:3    | Identified the +2 leather armour of the Catfish {rF+ Int+2}
 54282 | Elf:3    | Identified the +6 quarterstaff of a sewer {vorpal, rPois
                  | Str+3}
 54286 | Elf:3    | Identified the +10 flail "Wekisush" {speed, Str+3}
 54552 | Elf:3    | Identified the cursed +0 lajatang of Dunnaff {vorpal, rF+
                  | Will+}
 54971 | Elf:3    | Identified the Compendium of Supportive Ignition
 55013 | Elf:3    | Got a bloodstained hand crossbow
 55014 | Elf:3    | Identified the +5 hand crossbow "Zyof Kior" {penet, Str+5}
                  | (You found it on level 3 of the Elven Halls)
 55099 | Elf:3    | Got a bloodstained scale mail
 55110 | Elf:3    | Identified the cursed +1 scale mail "Yttiycuj" {rN+ Will-
                  | Int+4} (You found it on level 3 of the Elven Halls)
 56134 | Depths:2 | Received a gift from Trog
 56810 | Depths:2 | Reached XP level 21. HP: 189/202 MP: 20/20
 56936 | Depths:2 | Noticed Saint Roka
 56992 | Depths:2 | Killed Saint Roka
 57257 | Depths:2 | Noticed Qescho Poith's ghost (journeyman MiFi)
 57260 | Depths:2 | Noticed a juggernaut
 57261 | Depths:2 | Found a runed translucent gate.
 57261 | Depths:2 | Found a runed translucent gate.
 57263 | Depths:2 | Found a runed translucent gate.
 57475 | Depths:2 | Received a gift from Trog
 57488 | Depths:2 | Found a one-way gate leading to the halls of Pandemonium.
 58108 | Hell     | Entered the Vestibule of Hell
 58108 | Hell     | Noticed Geryon
 58909 | Depths:3 | Found Bitis's General Store.
 58911 | Depths:3 | Noticed Sojobo
 58915 | Depths:3 | Found Jiewn's Armour Emporium.
 58915 | Depths:3 | Found Kaany's Weapon Shoppe.
 58928 | Depths:3 | Found Yzyeshah's Jewellery Emporium.
 58976 | Depths:3 | Killed Sojobo
 59362 | Depths:3 | Bought a scroll of acquirement for 780 gold pieces
 59364 | Depths:3 | Acquired the ring "Uduywula" {rC+ AC+4 Str-3 Int+3 Dex+4}
 59710 | D:8      | Bought a scroll of enchant armour for 210 gold pieces
 60134 | Depths:3 | Noticed Margery
 60153 | Depths:3 | Killed Margery
 60427 | Depths:3 | Received a gift from Trog
 60992 | Depths:3 | Received a gift from Trog
 61917 | Depths:4 | Reached XP level 22. HP: 155/213 MP: 21/21
 62457 | Depths:4 | Noticed a golden dragon
 62506 | Depths:4 | Killed a golden dragon
 62782 | Depths:4 | Noticed a golden dragon
 62815 | Depths:4 | Killed a golden dragon
 63098 | Depths:4 | Noticed a caustic shrike
 63514 | Depths:4 | Received a gift from Trog
 63787 | Depths:4 | Found a one-way gate to the infinite horrors of the Abyss.
 64060 | Depths:4 | Found Set Piqi's Antique Weapon Emporium.
 64162 | Depths:4 | Found Zootar's Gadget Emporium.
 64164 | Depths:4 | Found Noyrybb's Antique Armour Emporium.
 64168 | Depths:4 | Found Nuizag's Gadget Emporium.
 64176 | Depths:4 | Bought a shiny tower shield for 300 gold pieces
 65922 | Depths:4 | Noticed a juggernaut
 65922 | Depths:4 | Noticed a juggernaut
 65953 | Depths:4 | Killed a caustic shrike
 65976 | Depths:4 | Killed a juggernaut
 66328 | Depths:4 | Killed a juggernaut
 66328 | Depths:4 | Received a gift from Trog
 66779 | Depths:4 | Identified a +0 pair of boots of running (You found it on
                  | level 4 of the Depths)
 66861 | Depths:5 | Entered Level 5 of the Depths
 66944 | Depths:5 | Got a faintly glowing iron ring
 67013 | Depths:5 | Reached XP level 23. HP: 222/226 MP: 22/22
 67124 | Depths:5 | Found a gate to the Realm of Zot.
 67401 | Depths:5 | Received a gift from Trog
 67562 | Depths:5 | Noticed a caustic shrike
 67562 | Depths:5 | Noticed a caustic shrike
 67563 | Depths:5 | Noticed a caustic shrike
 67580 | Depths:5 | Killed a caustic shrike
 67583 | Depths:5 | Killed a caustic shrike
 67590 | Depths:5 | Killed a caustic shrike
 68392 | Depths:5 | Identified the ring "Ohovuhe" {Will+ rCorr} (You found it
                  | on level 5 of the Depths)
 68545 | Vaults:1 | Entered Level 1 of the Vaults
 68794 | Vaults:1 | Received a gift from Trog
 69819 | Vaults:1 | Received a gift from Trog
 70183 | Vaults:1 | Noticed Donald
 70212 | Vaults:1 | Killed Donald
 71255 | Vaults:2 | Received a gift from Trog
 71470 | Vaults:2 | Reached XP level 24. HP: 222/237 MP: 22/22
 71687 | Vaults:2 | Found a large runed translucent door.
 71687 | Vaults:2 | Found a large runed translucent door.
 71687 | Vaults:2 | Noticed crisisinutopia's ghost (adept MiFi)
 71687 | Vaults:2 | Noticed Marixus's ghost (adept HOFi)
 71708 | Vaults:2 | Found Icsatz's Weapon Shop.
 71736 | Vaults:2 | Noticed Nikola
 71756 | Vaults:2 | Killed Nikola
 72404 | Vaults:2 | Noticed Frederick
 72406 | Vaults:2 | Received a gift from Trog
 72416 | Vaults:2 | Killed Frederick
 72661 | Vaults:2 | Killed Marixus's ghost
 72662 | Vaults:2 | Reached skill level 15 in Evocations
 72720 | Vaults:2 | Killed crisisinutopia's ghost
 73069 | Vaults:3 | Found the +6 lightning scales {run, rElec}
 73329 | Vaults:3 | Found a staircase to the Crypt.
 73708 | Vaults:3 | Received a gift from Trog
 74699 | Vaults:4 | Found a ruined gateway.
 75440 | Vaults:4 | Received a gift from Trog
 75722 | Vaults:4 | Found a portal to a secret trove of treasure.
 76227 | Vaults:5 | Entered Level 5 of the Vaults
 76232 | Vaults:5 | Noticed an ancient lich
 76354 | Vaults:4 | Killed an ancient lich
 76660 | Vaults:4 | Received a gift from Trog
 76678 | Vaults:4 | Reached XP level 25. HP: 204/250 MP: 22/22
 78019 | Vaults:5 | Received a gift from Trog
 78694 | Vaults:5 | Identified the Compendium of Dislocation and Sinister
                  | Secrets
 78778 | Vaults:5 | Found the +1 cloak of Starlight {*Dazzle EV+4 Stlth--}
 78843 | Vaults:5 | Got a smouldering morningstar
 78844 | Vaults:5 | Identified the cursed +0 morningstar "Omikkot" {flame,
                  | *Noise Will+ Int+2} (You found it on level 5 of the Vaults)
 79131 | Vaults:5 | Received a gift from Trog
 79226 | Vaults:5 | Noticed an ancient lich
 79242 | Vaults:5 | Killed an ancient lich
 79297 | Vaults:5 | Found Nigyoryss's Assorted Antiques.
 79700 | Vaults:5 | Got a fine plate armour
 79711 | Vaults:5 | Identified the cursed +1 plate armour of Darkness {rElec
                  | rPois Slay+3} (You found it on level 5 of the Vaults)
 79816 | Vaults:5 | Identified the +7 flail "Dovoymer" {drain, rElec Str-5
                  | Dex+3}
 79904 | Vaults:5 | Got a silver rune of Zot
 80435 | Depths:4 | Bought the +18 shield of the Gong {rElec rN+ Will+ EV-5}
                  | for 3892 gold pieces
 80435 | Depths:4 | Found the +18 shield of the Gong {rElec rN+ Will+ EV-5}
 80810 | Slime:1  | Entered Level 1 of the Pits of Slime
 81069 | Slime:1  | Received a gift from Trog
 81833 | Slime:3  | Received a gift from Trog
 82350 | Slime:4  | Reached XP level 26. HP: 264/264 MP: 22/22
 82585 | Slime:5  | Entered Level 5 of the Pits of Slime
 83207 | Slime:5  | Noticed the Royal Jelly
 86344 | Slime:5  | Killed the Royal Jelly
 86987 | Slime:5  | Found the macabre finger necklace {rN+}
 86994 | Slime:5  | Identified the Catalogue of Dislocation and Fire
 87007 | Slime:5  | Got a slimy rune of Zot
 87008 | Slime:5  | Identified the Reference Book on Combat Magic and Calling
 87029 | Slime:5  | Identified Luraxtosa's Incunabulum of the Hurtful Voyage
 87163 | Slime:5  | Got an ancient buckler
 87164 | Slime:5  | Identified the +0 buckler of the Game of Life {+Blink Will-
                  | Int+2} (You found it on level 5 of the Pits of Slime)
 88007 | Crypt:1  | Entered Level 1 of the Crypt
 88133 | Crypt:1  | Noticed Bai Suzhen
 88154 | Crypt:1  | Killed Bai Suzhen
 88155 | Crypt:1  | Noticed Jory
 88196 | Vaults:3 | Killed Jory
 88756 | Crypt:1  | Reached skill level 27 in Fighting
 90004 | Crypt:2  | Received a gift from Trog
 90699 | Crypt:3  | Entered Level 3 of the Crypt
 91033 | Crypt:3  | Received a gift from Trog
 91602 | Crypt:3  | Noticed an ancient lich
 91611 | Crypt:3  | Killed an ancient lich
 91626 | Crypt:3  | Reached XP level 27. HP: 153/273 MP: 22/22
 91938 | Crypt:3  | Found a staircase to the Tomb.
 91970 | Crypt:3  | Acquired 1216 gold pieces
 92194 | Crypt:3  | Found a basalt altar of Yredelemnul.
 92205 | Crypt:3  | Found the +6 shillelagh "Devastator" {shatter}
 92907 | Tomb:1   | Entered Level 1 of the Tomb of the Ancients
 93312 | Tomb:1   | Received a gift from Trog
 94600 | Tomb:1   | Received a gift from Trog
 95158 | Tomb:2   | Noticed a royal mummy
 95162 | Tomb:2   | Noticed a royal mummy
 95162 | Tomb:2   | Noticed a royal mummy
 95166 | Tomb:2   | Noticed a royal mummy
 95171 | Tomb:2   | HP: 9/273 [bennu (8)]
 95776 | Tomb:2   | Gained mutation: You occasionally shout uncontrollably at
                  | your foes. [a neqoxec]
 95788 | Tomb:2   | Reached skill level 27 in Dodging
 95796 | Tomb:2   | HP: 15/409 [bennu (15)]
 95804 | Tomb:2   | Killed a royal mummy
 95804 | Tomb:2   | Killed by a royal mummy's death curse

Illustrated notes

Levels and vault maps discovered:
D:1:      evilmike_arrival_fibonacci_small, layout_rooms, minmay_misc_feat_chi
D:2:      layout_rooms, minitemple, kennysheep_slug_shrine,
          chequers_ecumenical_altar_island
D:3:      layout_loops_corners
D:4:      layout_basic, serial_bayou, serial_bayou_lake_a, serial_bayou_pond_a,
          serial_bayou_pond_b, serial_bayou_lagoon_a, serial_bayou_shore_a,
          serial_bayou_ford_a, fedhas_altar_3
D:5:      layout_basic, serial_shops, kennysheep_mini_moat
D:6:      layout_cave_pools, minmay_temple_entry_antechambers, serial_shops,
          shop, uniq_sigmund, uniq_pikel, uniq_blork_the_orc
D:7:      layout_basic, minmay_small_thing
D:8:      layout_loops_ring, serial_shops, nicolae_shop_behind_doors, shop
D:9:      layout_rooms, worms_lemuel
D:10:     layout_rooms, erik_lair_island, serial_shops, shop
D:11:     layout_loops_ring, serial_shops, shop, shop,
          kennysheep_generic_room_8, uniq_maurice
D:12:     layout_cave_pods, orc_0_dummy, gammafunk_ghost_mausoleum, uniq_nessos
D:13:     layout_roguey, david_vaults_1, gammafunk_ghost_cemetery,
          nicolae_benzene_ring
D:14:     layout_roguey [special_room_orc], lemuel_altar_in_water, serial_shops,
          shop, pf_eden
D:15:     gammafunk_depths_entry_grave, layout_cave_pools,
          chequers_serial_rivers_micro_c, special_room [special_room_orc]
Lair:1:   layout_cave_pods, infiniplex_staircase_pool_2, uniq_sonja
Lair:2:   layout_regular_city, nicolae_swamp_entry_splash_gauntlet,
          spider_nest_entry_webs, gauntlet_entry_generic, grunt_megastairs_4
Lair:3:   layout_cave_pods, gammafunk_ghost_necromancy,
          grunt_forest_large_clearings
Lair:4:   layout_layer_cave, special_room [special_room_bee],
          beast_lair_carwin_3, grunt_megastairs_3
Lair:5:   mu_elephants_graveyard, layout_gridlike, lemuel_fruit_tree
Lair:6:   guppyfry_lair_end_dragon, layout_regular_city,
          hangedman_lair_in_review, nicolae_slime_entry_slimehenge,
          zaba_antful_of_joy
Swamp:1:  layout_basic_swamp, evilmike_swamp_ruin_house_1,
          cheibrodos_swamp_pet_leeches
Swamp:2:  layout_basic_swamp, hangedman_swamp_ruin_hall
Swamp:3:  layout_falls_marsh, evilmike_swamp_ruin_house_3, swamp_pool1,
          uniq_roxanne
Swamp:4:  swamp_fiery, layout_basic_swamp
Spider:1: layout_spider_delve, gammafunk_ghost_arena, guppyfry_spider_mini_3
Spider:2: layout_spider_delve, uniq_asterion
Spider:3: layout_chambers, uniq_azrael
Spider:4: floodkiller_spider_rune_tomb, nicolae_spider_cling_ruins
Slime:1:  layout_caves
Slime:2:  layout_caves, nicolae_slime_barrier
Slime:3:  layout_caves
Slime:4:  layout_caves
Slime:5
Orc:1:    layout_diamond_mine
Orc:2:    st_orc_congregation, layout_diamond_mine, basic_altar, bloody_trog
Elf:1:    elf_arrival_001, layout_onion_city, minmay_elf_annihilation,
          minmay_shop_grove, uniq_kirke, uniq_frances
Elf:2:    layout_gridlike, gammafunk_ghost_fury_of_okawaru
Elf:3:    minmay_elf_hall_spiked, layout_geoelf_castle
Vaults:1: vaults_standard_mumra_enter_the_diamond, vaults_room_semicircle,
          vaults_room_large_hall, v_misc_14, vaults_room_corners,
          vaults_room_boxed, v_alt_pattern_1, v_misc_12,
          nicolae_vaults_network_s, nicolae_vaults_ring_of_whatevers,
          nicolae_vaults_stairing_the_circle, ontoclasm_vaults_decontamination,
          nicolae_vaults_little_squares_4, vaults_mumra_lcd, layout_vaults_ring,
          uniq_donald
Vaults:2: advil_vaults_ghost_guards, hangedman_vaults_stitches, v_misc_17,
          v_misc_19, hangedman_vaults_unwind, hangedman_vaults_stagger,
          nicolae_vaults_rhombus_5, nicolae_vaults_diagonal_hallway_9,
          vaults_dpeg_spiral, vaults_room_corners, ontoclasm_vaults_gateway,
          ontoclasm_vaults_pinch, vaults_mumra_hexcomb,
          nicolae_vaults_border_crossing, layout_vaults_omnicross, serial_shops,
          shop, uniq_frederick, uniq_nikola
Vaults:3: minmay_crypt_entry_skeletal_spiral, vaults_room_fancy_cross,
          v_misc_15, grunt_vaults_hallway_short, vaults_dpeg_hooks, st_lattice,
          layout_vaults_omnigrid
Vaults:4: nicolae_vaults_network_barrier, nicolae_vaults_quartermaster,
          vaults_dpeg_doors, v_rooms_6, v_pattern_5, grunt_vaults_hallway_short,
          nicolae_vaults_mini_display_case, ontoclasm_vaults_tryst,
          nicolae_vaults_shelves_hall, vaults_room_pools,
          nicolae_vaults_little_squares_6, vaults_standard_mumra_x,
          vaults_room_pools, ontoclasm_vaults_chip, vaults_dpeg_diagonal,
          layout_vaults_omnibox, portal_desolation_entry_garden, enter_trove_1
Vaults:5
Crypt:1:  layout_gridlike, special_room [special_room_morgue],
          grunt_crypt_arrival_guarded_gate, uniq_bai_suzhen, uniq_jory
Crypt:2:  layout_misc_corridors
Crypt:3:  cryptofortress_bobbens
Tomb:1
Tomb:2
Depths:1: layout_cave_shapes, enter_ziggurat_e, pf_vacation_house_of_asmodeus,
          serial_bayou_pond_c, chequers_decorated_corner, grunt_ministairs_4,
          kennysheep_cluttered_room, st_stairs_12,
          hangedman_abyss_or_decor_passed, minmay_misc_feat_iff
Depths:2: kennysheep_room_grid, layout_gridlike, gammafunk_ghost_split,
          grunt_pan_entry_spiral, minmay_tree_intersection, mu_enter_wizlab_2,
          hell_entry, infiniplex_staircase_pillars_1, firewood_loft,
          uniq_saint_roka
Depths:3: minmay_expanding_squares, layout_gridlike, hell_entry,
          grunt_pan_entry_zigzag, minmay_shoptagon,
          infiniplex_staircase_zigzag_5, serial_bayou_shore_b, uniq_margery,
          uniq_sojobo
Depths:4: gammafunk_depths_water_palace, layout_cave_shapes, hex_tiny,
          pf_hell_entry_tar_spiral, rand_demon_pan_entry_9,
          abyss_entry_small_statue_room, minmay_shop_grid_forest
Depths:5: grunt_crosshair, layout_small_grid, abyss_entry,
          minmay_misc_feat_pillars, hellmouth_3
Hell

Skill      XL: |  1  2  3  4  5  6  7  8  9 10 11 12 13 14 15 16 17 18 19 20 21 22 23 24 25 26 27 |
---------------+----------------------------------------------------------------------------------+-----
Fighting       | 4 5 6 7 8 9 10 11 12 13 14 16 18 19 20 21 23 24 25 26 27 | 27.0
Maces & Flails | 4 5 6 7 8 9 10 11 12 13 14 | 14.0
Armour         | 3 4 5 6 7 9 10 11 12 13 14 15 16 18 19 20 | 20.4
Shields        | 1 2 3 4 5 7 8 9 10 12 13 14 15 16 17 19 20 21 22 23 24 25 | 25.0
Dodging        | 3 4 5 7 8 9 10 11 12 13 14 15 16 17 18 19 20 22 23 25 27 | 27.0
Evocations     | 2 3 5 6 7 8 10 11 12 13 14 15 | 15.0
Slings         | 3 5 7 8 |  8.9
Crossbows      | 5 9 10 | 10.0

Action                   |  1- 3 |  4- 6 |  7- 9 | 10-12 | 13-15 | 16-18 | 19-21 | 22-24 | 25-27 || total
-------------------------+-------+-------+-------+-------+-------+-------+-------+-------+-------++-------
Melee: Mace              |   153 |   132 |   151 |       |       |       |       |       |       ||   436
       Headbutt          |    19 |    21 |    58 |   158 |   396 |   326 |   338 |   437 |   623 ||  2376
       Whip              |       |       |    51 |       |       |       |       |       |       ||    51
       Demon whip        |       |       |   136 |   679 |  1459 |  1304 |  1302 |  1273 |  1641 ||  7794
       Hand crossbow     |       |       |       |       |    13 |    12 |    13 |    61 |     8 ||   107
       Flail             |       |       |       |       |       |       |    43 |       |       ||    43
 Fire: Hunting sling     |       |       |       |   142 |   198 |       |       |       |       ||   340
       Hand crossbow     |       |       |       |       |   294 |   828 |   838 |  1284 |   813 ||  4057
Throw: Dart              |     5 |    17 |    25 |       |       |       |       |       |       ||    47
       Stone             |       |       |    25 |       |       |       |       |       |       ||    25
       Javelin           |       |       |    10 |    54 |     7 |       |       |       |       ||    71
       Boomerang         |       |       |       |       |       |     6 |       |       |       ||     6
Invok: Berserk           |     2 |       |     3 |     3 |     4 |     5 |     7 |    11 |    13 ||    48
       Trog's Hand       |       |     1 |     2 |    11 |    21 |    21 |    35 |    18 |    31 ||   140
       Brothers in Arms  |       |       |       |       |       |       |       |       |     1 ||     1
 Abil: Evoke Flight      |       |       |       |       |       |     3 |       |       |       ||     3
Evoke: Wand              |       |       |       |       |     4 |     5 |     4 |    11 |    25 ||    49
       Phantom mirror    |       |       |       |       |       |     1 |       |       |     1 ||     2
       Lightning rod     |       |       |       |       |       |       |     5 |     5 |    11 ||    21
  Use: Scroll            |     9 |     3 |    10 |     6 |    16 |    16 |    16 |     7 |    19 ||   102
       Potion            |       |       |     1 |     4 |     3 |     5 |     6 |       |     5 ||    24
 Stab: Confused          |       |       |       |       |     1 |       |       |       |     1 ||     2
       Paralysed         |       |       |       |       |     2 |       |       |       |       ||     2
       Petrified         |       |       |       |       |       |     1 |     4 |       |       ||     5
       Petrifying        |       |       |       |       |       |     1 |       |       |       ||     1
       Invisible         |       |       |       |       |       |       |       |       |    10 ||    10
Armor: Leather armour    |     5 |       |       |       |       |       |       |       |       ||     5
       Plate armour      |    62 |    80 |   143 |   192 |   536 |   576 |   299 |       |       ||  1888
       Robe              |       |       |       |    13 |     6 |       |       |       |       ||    19
       Fire dragon scale |       |       |       |       |       |       |    58 |   491 |   457 ||  1006
Dodge: Dodged            |    22 |     7 |    45 |   134 |   320 |   498 |   525 |   915 |   930 ||  3396
Block: Tower shield      |    76 |   105 |   204 |   593 |  1423 |  1431 |  1409 |  1922 |   394 ||  7557
       Kite shield       |       |       |       |       |       |       |       |       |  2489 ||  2489
